 Dungeon Crawl Stone Soup version 0.18.1-47-g9310371 (webtiles) character file.

103 sarahorange the Conjurer (level 4, -1/24 HPs)
             Began as a Tengu Conjurer on June 18, 2016.
             Was an Initiate of Cheibriados.
             Succumbed to an orc wizard's poison
             ... on level 3 of the Dungeon.
             The game lasted 00:20:44 (2508 turns).

sarahorange the Conjurer (Tengu Conjurer)           Turns: 2508, Time: 00:20:45

Health: -1/24      AC:  2    Str: 15    XL:     4   Next: 79%
Magic:  1/9        EV: 13    Int: 18    God:    Cheibriados [......]
Gold:   89         SH:  0    Dex: 15    Spells: 3 memorised, 1 level left

rFire  . . .     SeeInvis .     e - +0 short sword
rCold  . . .     Gourm    .     a - +0 robe
rNeg   . . .     Faith    .     (no shield)
rPois  .         Spirit   .     (helmet restricted)
rElec  .         Dismiss  .     (no cloak)
rCorr  .         Reflect  .     (no gloves)
SustAt .         Harm     .     (boots unavailable)
MR     .....                    (no amulet)
Stlth  ++........               (no ring)
                                j - +6 ring of strength

@: lethally poisoned (-1 -> -30), very slow, not resistant to hostile
enchantments, unstealthy
A: beak, talons 3
a: Bend Time, Renounce Religion


You were on level 3 of the Dungeon.
You worshipped Cheibriados.
Cheibriados was noncommittal.
You were hungry.

You visited 1 branch of the dungeon, and saw 3 of its levels.

You collected 89 gold pieces.

Inventory:

Hand Weapons
 e - a +0 short sword (weapon)
 o - a +1 short sword of venom
Missiles
 d - 47 sling bullets
 m - 34 stones (quivered)
Armour
 a - a +0 robe (worn)
 f - a +2 buckler
 g - a +0 pair of boots
 u - a +1 leather armour of poison resistance
Jewellery
 j - a +6 ring of strength (left hand)
Scrolls
 h - 2 scrolls of amnesia
 r - a scroll of immolation {unknown}
 s - a scroll of enchant weapon {unknown}
 t - a scroll of identify
 v - a scroll of magic mapping {unknown}
 w - a scroll of fear {unknown}
Potions
 l - a potion of degeneration {unknown}
 n - a potion of mutation {unknown}
 q - a potion of heal wounds {unknown}
Books
 b - a book of Conjurations

   Spells                             Type                      Level
   a - Magic Dart                     Conjuration                  1
   b - Searing Ray                    Conjuration                  2
   c - Dazzling Spray                 Conjuration/Hexes            3
   d - Fulminant Prism                Conjuration/Hexes            4
   e - Iskenderun's Mystic Blast      Conjuration                  4
   f - Iskenderun's Battlesphere      Conjuration/Charms           5
Comestibles
 c - a chunk of flesh
 i - 3 bread rations


   Skills:
 + Level 0.2 Fighting
 + Level 2.6 Dodging
 + Level 2.3 Stealth
 + Level 2.9 Spellcasting
 + Level 6.8 Conjurations


You had one spell level left.
You knew the following spells:

 Your Spells              Type           Power        Failure   Level  Hunger
a - Magic Dart            Conj           ####         1%          1    None
b - Searing Ray           Conj           ####..       1%          2    ##.....
c - Iskenderun's Mystic   Conj           ####....     12%         4    ####...


Dungeon Overview and Level Annotations

Branches:
Dungeon (3/15)

Altars:
Cheibriados

Annotations:
D:3 Robin


Innate Abilities, Weirdness & Mutations

You have a beak for a mouth.
You have claws for feet.


Message History

You feel sick. The orc wizard barely misses you.
The orc wizard hits you with a dagger of venom.
You are lethally poisoned!
You closely miss the orc wizard.
The orc wizard is heavily wounded.
You feel sick.
The orc wizard hits you with a dagger of venom.
* * * LOW HITPOINT WARNING * * *
You are more poisoned.
* * * LOW HITPOINT WARNING * * *
You feel very sick. The orc wizard casts a spell at you.
The puff of frost misses you.
* * * LOW HITPOINT WARNING * * *
You feel very sick. The orc wizard barely misses you.
Read which item? (? for menu, Esc to quit)
As you read the scroll labeled DEBBUR NAESKOC, it crumbles to dust.
You feel blessed for a moment.
It was a scroll of remove curse.
You die...

### #######.##
###......#.#
#.....###.##
####.....###.#
.........)...#
###.....#._.#
#.....#...##########.#
###.####....@og)g.ggg.
#.# #############.!
#.# #.# #.# #.# #.#
#.# #######)##


You could see Robin, an orc wizard, 2 hobgoblins and a goblin.

Vanquished Creatures
  4 gnolls (D:2)
  2 adders (D:2)
  A worm (D:2)
  A giant gecko (D:1)
  3 orcs (D:3)
  3 ball pythons
  6 bats
  3 giant cockroaches
  3 goblins (D:1)
  2 hobgoblins
  8 kobolds
  2 giant newts (D:2)
  2 rats (D:1)
40 creatures vanquished.

Notes
Turn   | Place    | Note
--------------------------------------------------------------
     0 | D:1      | sarahorange the Tengu Conjurer began the quest for the Orb.
     0 | D:1      | Reached XP level 1. HP: 10/10 MP: 4/4
   232 | D:1      | Reached XP level 2. HP: 15/15 MP: 3/6
  1023 | D:2      | Reached XP level 3. HP: 11/19 MP: 1/7
  1154 | D:1      | Learned a level 2 spell: Searing Ray
  1231 | D:2      | Reached skill level 6 in Conjurations
  1585 | D:2      | Reached XP level 4. HP: 24/24 MP: 6/8
  1591 | D:2      | Learned a level 4 spell: Iskenderun's Mystic Blast
  2463 | D:3      | Found a snail-covered altar of Cheibriados.
  2472 | D:3      | Became a worshipper of Cheibriados the Contemplative
  2496 | D:3      | Noticed Robin
  2507 | D:3      | HP: 1/24 [poisoned by an orc wizard]
  2508 | D:3      | Succumbed to an orc wizard's poison

Skill      XL: |  1  2  3 |
---------------+----------+-----
Conjurations   | 6 |  6.8
Fighting       | |  0.2
Dodging        | |  2.6
Stealth        | |  2.3
Spellcasting   | |  2.9

Action                   |  1- 3 |  4- 6 || total
-------------------------+-------+-------++-------
Melee: Unarmed           |     3 |       ||     3
       Short sword       |       |     6 ||     6
       Peck              |       |     2 ||     2
 Cast: Magic Dart        |    53 |    25 ||    78
       Searing Ray       |     2 |     6 ||     8
  Use: Scroll            |     2 |     4 ||     6
       Potion            |       |     2 ||     2
  Eat: Bread ration      |     1 |       ||     1
       Chunk             |       |     1 ||     1
Armor: Robe              |     6 |     2 ||     8
Dodge: Dodged            |    20 |    17 ||    37
